SKY
ARIZONA DIAMONDBACKS @ SAN FRANCISCO GIANTS
05/18/2052
 
TOP OF THE 1ST
Arizona Diamondbacks batting - Pitching for San Francisco Giants : LHP Donnie Rank
Pitching: LHP Donnie Rank
Batting: RHB Gaius Raton 0-0: Ball
1-0: Ball
2-0: Ball
3-0: Called Strike
3-1: Called Strike
3-2: Ground out 6-3 (Groundball, 6, EV 86.9 MPH)
Batting: LHB Wil Solís 0-0: Ball
1-0: Fly out, F2 (Popup, 2L, EV 96.9 MPH)
Batting: LHB Peter Conrad 0-0: Ball
1-0: Foul Ball, location: 2RF
1-1: Foul Ball, location: 7LMF
1-2: Ball
2-2: SINGLE (Popup, 3D, EV 51.3 MPH)
Batting: LHB Glenn Pichardo 0-0: Ball
1-0: Called Strike
1-1: DOUBLE (Line Drive, 9LS, EV 110.0 MPH)
Peter Conrad to third
Batting: RHB Duncan Hancock 0-0: Swinging Strike
0-1: Ball
1-1: Swinging Strike
1-2: Strikes out swinging
Top of the 1st over - 0 runs, 2 hits, 0 errors, 2 left on base; Arizona 0 - San Francisco 0
BOTTOM OF THE 1ST
San Francisco Giants batting - Pitching for Arizona Diamondbacks : RHP A.J. Evans
Pitching: RHP A.J. Evans
Batting: RHB Kaiden Clackum 0-0: Ball
1-0: Called Strike
1-1: Swinging Strike
1-2: Ball
2-2: Strikes out looking
Batting: RHB Nolan Peterson 0-0: Ball
1-0: Ground out 4-3 (Groundball, 4, EV 99.4 MPH)
Batting: LHB Jeff Edelman 0-0: Ball
1-0: Foul Ball, location: 2F
1-1: Foul Ball, location: 2F
1-2: Strikes out swinging
Bottom of the 1st over - 0 runs, 0 hits, 0 errors, 0 left on base; Arizona 0 - San Francisco 0
TOP OF THE 2ND
Arizona Diamondbacks batting - Pitching for San Francisco Giants : LHP Donnie Rank
Batting: LHB Michael Freeman 0-0: Ball
1-0: Called Strike
1-1: Called Strike
1-2: Foul Ball, location: 5SF
1-2: Foul Ball, location: 2F
1-2: Ball
2-2: Ball
3-2: Strikes out swinging
Batting: RHB Josef Horne 0-0: Foul Ball, location: 23F
0-1: DOUBLE (Groundball, 5L, EV 99.4 MPH)
Batting: RHB Tadd Bateman 0-0: Called Strike
0-1: SINGLE (Groundball, 4MD, EV 107.5 MPH)
Josef Horne to third
Runner from 3rd tries for Home, SAFE, throw by CF to home
Batting: RHB Luís Estrada 0-0: Called Strike
0-1: Ball
1-1: SINGLE (Groundball, 6MD, EV 96.9 MPH)
Tadd Bateman to second
Batting: RHB Gaius Raton 0-0: Ball
1-0: Called Strike
1-1: Ball
2-1: Called Strike
2-2: Ball
3-2: SINGLE (Line Drive, 4MD, EV 96.9 MPH)
Tadd Bateman to third
Luís Estrada to second
Batting: LHB Wil Solís 0-0: Called Strike
0-1: Ball
1-1: Ball
2-1: SINGLE (Groundball, 6D, EV 105.6 MPH)
Tadd Bateman scores
Luís Estrada to third
Gaius Raton to second
Batting: LHB Peter Conrad 0-0: Ball
1-0: Foul Ball, location: 23F
1-1: Grounds into double play, 6-4-3 (Groundball, 6, EV 96.9 MPH)
Top of the 2nd over - 2 runs, 5 hits, 0 errors, 2 left on base; Arizona 2 - San Francisco 0
BOTTOM OF THE 2ND
San Francisco Giants batting - Pitching for Arizona Diamondbacks : RHP A.J. Evans
Now at 2B: Enrique Mata
Batting: RHB Theodore Phu 0-0: Ball
1-0: Ball
2-0: Foul Ball, location: 2F
2-1: Ground out 5-3 (Groundball, 5, EV 84.4 MPH)
Batting: RHB Zavier Austin 0-0: Foul Ball, location: 3DF
0-1: Swinging Strike
0-2: Ball
1-2: Foul Ball, location: 9LMF
1-2: Foul Ball, location: 9LMF
1-2: Reached via error on a dropped throw from 2B, E3 (Groundball, 4, EV 105.6 MPH)
Batting: RHB Solomon Ding 0-0: Fly out, F9 (Line Drive, 89M, EV 98.1 MPH)
Batting: RHB Jackson Maul 0-0: Called Strike
0-1: SINGLE (Line Drive, 78M, EV 88.8 MPH)
Zavier Austin to second
Batting: RHB Rhett Damewood 0-0: Foul Ball, location: 25FF
0-1: Ball
1-1: Foul Ball, location: 2F
1-2: Fly out, F8 (Flyball, 89S, EV 97.5 MPH)
Bottom of the 2nd over - 0 runs, 1 hit, 1 error, 2 left on base; Arizona 2 - San Francisco 0
TOP OF THE 3RD
Arizona Diamondbacks batting - Pitching for San Francisco Giants : LHP Donnie Rank
Batting: LHB Glenn Pichardo 0-0: Fly out, F7 (Flyball, 78D, EV 88.1 MPH)
Batting: RHB Duncan Hancock 0-0: Ball
1-0: Ball
2-0: Swinging Strike
2-1: Foul Ball, location: 25F
2-2: Ball
3-2: Fly out, F8 (Flyball, 8LD, EV 98.8 MPH)
Batting: LHB Michael Freeman 0-0: Ball
1-0: Foul Ball, location: 3FF
1-1: Swinging Strike
1-2: Ground out 4-3 (Groundball, 4, EV 80.0 MPH)
Top of the 3rd over - 0 runs, 0 hits, 0 errors, 0 left on base; Arizona 2 - San Francisco 0
BOTTOM OF THE 3RD
San Francisco Giants batting - Pitching for Arizona Diamondbacks : RHP A.J. Evans
Batting: SHB Elías Saucedo 0-0: Called Strike
0-1: Called Strike
0-2: Ball
1-2: Foul Ball, location: 25F
1-2: Ball
2-2: Foul Ball, location: 2F
2-2: Ground out 4-3 (Groundball, 4MD, EV 81.3 MPH)
Batting: RHB Kaiden Clackum 0-0: Called Strike
0-1: Ball
1-1: SINGLE (Line Drive, 78S, EV 91.3 MPH)
Batting: RHB Nolan Peterson 0-0: Called Strike
0-1: Ball
Kaiden Clackum steals 2nd base
1-1: Ball
2-1: Ground out U3 (Groundball, 34D, EV 105.0 MPH)
Kaiden Clackum to third
Batting: LHB Jeff Edelman 0-0: Called Strike
0-1: Ball
1-1: Ground out 6-3 (Groundball, 6M, EV 78.8 MPH)
Bottom of the 3rd over - 0 runs, 1 hit, 0 errors, 1 left on base; Arizona 2 - San Francisco 0
TOP OF THE 4TH
Arizona Diamondbacks batting - Pitching for San Francisco Giants : LHP Donnie Rank
Batting: SHB Enrique Mata 0-0: Called Strike
0-1: Ball
1-1: Ball
2-1: Foul Ball, location: 3SF
2-2: Strikes out swinging
Batting: RHB Tadd Bateman 0-0: Fly out, F9 (Flyball, 9D, EV 105.0 MPH)
Batting: RHB Luís Estrada 0-0: Ball
1-0: Foul Ball, location: 9LDF
1-1: Ground out 6-3 (Groundball, 6, EV 81.9 MPH)
Top of the 4th over - 0 runs, 0 hits, 0 errors, 0 left on base; Arizona 2 - San Francisco 0
BOTTOM OF THE 4TH
San Francisco Giants batting - Pitching for Arizona Diamondbacks : RHP A.J. Evans
Batting: RHB Theodore Phu 0-0: Ball
1-0: Ball
2-0: Ground out 6-3 (Groundball, 6, EV 109.4 MPH)
Batting: RHB Zavier Austin 0-0: SINGLE (Groundball, 4MD, EV 106.3 MPH)
Batting: RHB Solomon Ding 0-0: Called Strike
0-1: Foul Ball, location: 5SF
0-2: Strikes out swinging
Batting: RHB Jackson Maul 0-0: Called Strike
0-1: Foul Ball, location: 9LSF
0-2: Strikes out swinging
Bottom of the 4th over - 0 runs, 1 hit, 0 errors, 1 left on base; Arizona 2 - San Francisco 0
TOP OF THE 5TH
Arizona Diamondbacks batting - Pitching for San Francisco Giants : LHP Donnie Rank
Batting: RHB Gaius Raton 0-0: Foul Ball, location: 2F
0-1: SINGLE (Line Drive, 3D, EV 98.8 MPH)
Batting: LHB Wil Solís 0-0: Sac Bunt to 13S - play at first, batter OUT! 1-3
Gaius Raton to second
Batting: LHB Peter Conrad 0-0: Called Strike
0-1: Foul Ball, location: 2F
0-2: 2-RUN HOME RUN (Flyball, 7LD, EV 95.6 MPH), Distance : 354 ft
Batting: LHB Glenn Pichardo 0-0: Swinging Strike
0-1: Swinging Strike
0-2: Ball
1-2: Ball
2-2: Ball
3-2: Strikes out swinging
Batting: RHB Duncan Hancock 0-0: Swinging Strike
0-1: Ball
1-1: Ball
2-1: Foul Ball, location: 7LSF
2-2: Ball
3-2: SINGLE (Groundball, 6MD, EV 97.5 MPH) (infield hit)
Batting: LHB Michael Freeman 0-0: Called Strike
0-1: Foul Ball, location: 2F
0-2: Ball
1-2: Ball
2-2: Foul Ball, location: 5SF
2-2: Foul Ball, location: 3DF
2-2: Foul Ball, location: 3FF
2-2: Ground out U3 (Groundball, 34S, EV 79.4 MPH)
Top of the 5th over - 2 runs, 3 hits, 0 errors, 1 left on base; Arizona 4 - San Francisco 0
BOTTOM OF THE 5TH
San Francisco Giants batting - Pitching for Arizona Diamondbacks : RHP A.J. Evans
Batting: RHB Rhett Damewood 0-0: Called Strike
0-1: Ground out 6-3 (Groundball, 6MD, EV 98.8 MPH)
Batting: SHB Elías Saucedo 0-0: Ball
1-0: Ball
2-0: Foul Ball, location: 2F
2-1: Ball
3-1: Foul Ball, location: 9LDF
3-2: Base on Balls
Batting: RHB Kaiden Clackum 0-0: Ball
1-0: Called Strike
1-1: Ball
2-1: Foul Ball, location: 2F
2-2: Ball
3-2: Foul Ball, location: 2F
3-2: Strikes out swinging
Elías Saucedo is caught stealing 2nd base 2-4
Batter strikes out.
Bottom of the 5th over - 0 runs, 0 hits, 0 errors, 0 left on base; Arizona 4 - San Francisco 0
TOP OF THE 6TH
Arizona Diamondbacks batting - Pitching for San Francisco Giants : LHP Donnie Rank
Batting: SHB Enrique Mata 0-0: Called Strike
0-1: Ball
1-1: Ball
2-1: Swinging Strike
2-2: Foul Ball, location: 23FF
2-2: Ground out U3 (Groundball, 34, EV 109.4 MPH)
Pitching: RHP Paul McIntosh
Batting: RHB Tadd Bateman 0-0: Called Strike
0-1: Ball
1-1: Foul Ball, location: 9LDF
1-2: Strikes out swinging
Batting: RHB Luís Estrada 0-0: Called Strike
0-1: Ball
1-1: Swinging Strike
1-2: Strikes out swinging
Top of the 6th over - 0 runs, 0 hits, 0 errors, 0 left on base; Arizona 4 - San Francisco 0
BOTTOM OF THE 6TH
San Francisco Giants batting - Pitching for Arizona Diamondbacks : RHP A.J. Evans
Batting: RHB Nolan Peterson 0-0: Called Strike
0-1: Called Strike
0-2: SINGLE (Line Drive, 7LS, EV 92.5 MPH)
Batting: LHB Jeff Edelman 0-0: Ball
1-0: Ball
2-0: Called Strike
2-1: Called Strike
2-2: Strikes out swinging
Batting: RHB Theodore Phu 0-0: Ball
1-0: Ball
2-0: Called Strike
2-1: Ball
3-1: Swinging Strike
3-2: Strikes out swinging
Batting: RHB Zavier Austin 0-0: Foul Ball, location: 9LMF
0-1: Ball
1-1: Foul Ball, location: 2F
1-2: Foul Ball, location: 5F
1-2: Ball
2-2: Foul Ball, location: 3DF
2-2: Foul Ball, location: 2F
2-2: Foul Ball, location: 2F
2-2: Ball
3-2: Foul Ball, location: 3FF
3-2: Foul Ball, location: 5F
3-2: Strikes out looking
Bottom of the 6th over - 0 runs, 1 hit, 0 errors, 1 left on base; Arizona 4 - San Francisco 0
TOP OF THE 7TH
Arizona Diamondbacks batting - Pitching for San Francisco Giants : RHP Paul McIntosh
Batting: RHB Gaius Raton 0-0: Ball
1-0: Called Strike
1-1: Ball
2-1: Foul Ball, location: 7LDF
2-2: Ball
3-2: Fly out, F7 (Line Drive, 7S, EV 93.8 MPH)
Batting: LHB Wil Solís 0-0: Called Strike
0-1: Ball
1-1: Ball
2-1: Foul Ball, location: 25F
2-2: Ball
3-2: Foul Ball, location: 3DF
3-2: Base on Balls
Batting: LHB Peter Conrad 0-0: Grounds into double play, 4-6-3 (Groundball, 4, EV 87.5 MPH)
Top of the 7th over - 0 runs, 0 hits, 0 errors, 0 left on base; Arizona 4 - San Francisco 0
BOTTOM OF THE 7TH
San Francisco Giants batting - Pitching for Arizona Diamondbacks : RHP A.J. Evans
Pitching: RHP Dagny Goldbaum
Batting: RHB Solomon Ding 0-0: Foul Ball, location: 5SF
0-1: Ball
1-1: Called Strike
1-2: Ball
2-2: Strikes out swinging
Batting: RHB Jackson Maul 0-0: Called Strike
0-1: Fly out, F8 (Flyball, 78M, EV 86.3 MPH)
Batting: RHB Rhett Damewood 0-0: Called Strike
0-1: Called Strike
0-2: SINGLE (Groundball, 25, EV 70.6 MPH) (infield hit)
Batting: SHB Elías Saucedo 0-0: Ball
1-0: Foul Ball, location: 25FF
1-1: SINGLE (Line Drive, 78S, EV 107.5 MPH)
Rhett Damewood to second
Runner from 2nd tries for 3rd, SAFE, no throw by LF
Pitching: RHP Rod Vogt
Batting: RHB Kaiden Clackum 0-0: Ball
Pickoff Throw to First - Error! E1
Rhett Damewood scores
Elías Saucedo to second
1-0: Called Strike
1-1: Fly out, F9 (Flyball, 89S, EV 80.6 MPH)
Bottom of the 7th over - 1 run, 2 hits, 1 error, 1 left on base; Arizona 4 - San Francisco 1
TOP OF THE 8TH
Arizona Diamondbacks batting - Pitching for San Francisco Giants : RHP Paul McIntosh
Batting: LHB Glenn Pichardo 0-0: Ball
1-0: Called Strike
1-1: SINGLE (Flyball, 34D, EV 83.1 MPH)
Batting: RHB Duncan Hancock 0-0: Ball
1-0: Foul Ball, location: 2F
1-1: Ball
2-1: Swinging Strike
2-2: Strikes out looking
Pitching: LHP Neil Dunn
Batting: LHB Michael Freeman 0-0: Foul Ball, location: 2F
0-1: Foul Ball, location: 2F
0-2: Ball
1-2: Fielders Choice at 2nd, 3-6 (Groundball, 3, EV 105.6 MPH)
Batting: SHB Enrique Mata 0-0: Ball
1-0: Called Strike
1-1: Ball
2-1: Foul Ball, location: 7LDF
2-2: SINGLE (Groundball, 56D, EV 96.9 MPH)
Michael Freeman to second
Batting: RHB Tadd Bateman 0-0: Ball
1-0: Foul Ball, location: 5DF
1-1: Foul Ball, location: 9LDF
1-2: Foul Ball, location: 2F
1-2: Strikes out swinging
Top of the 8th over - 0 runs, 2 hits, 0 errors, 2 left on base; Arizona 4 - San Francisco 1
BOTTOM OF THE 8TH
San Francisco Giants batting - Pitching for Arizona Diamondbacks : RHP Rod Vogt
Batting: RHB Nolan Peterson 0-0: Foul Ball, location: 2F
0-1: Fly out, F8 (Flyball, 8LM, EV 83.1 MPH)
Batting: LHB Jeff Edelman 0-0: Called Strike
0-1: Ball
1-1: Swinging Strike
1-2: Fly out, F8 (Flyball, 78S, EV 89.4 MPH)
Batting: RHB Theodore Phu 0-0: Called Strike
0-1: Ball
1-1: Ball
2-1: Foul Ball, location: 5FF
2-2: Fly out, F8 (Flyball, 8RM, EV 94.4 MPH)
Bottom of the 8th over - 0 runs, 0 hits, 0 errors, 0 left on base; Arizona 4 - San Francisco 1
TOP OF THE 9TH
Arizona Diamondbacks batting - Pitching for San Francisco Giants : LHP Neil Dunn
Pitching: LHP Arturo Frank
Batting: RHB Luís Estrada 0-0: Ball
1-0: Foul Ball, location: 2F
1-1: Foul Ball, location: 2F
1-2: Foul Ball, location: 2LF
1-2: Ball
2-2: Ball
3-2: Foul Ball, location: 23F
3-2: Foul Ball, location: 7LSF
3-2: Foul Ball, location: 9LDF
3-2: Foul Ball, location: 5SF
3-2: Fly out, F7 (Flyball, 78M, EV 95.6 MPH)
Batting: RHB Gaius Raton 0-0: Fly out, F6 (Line Drive, 6, EV 68.8 MPH)
Batting: LHB Wil Solís 0-0: Ball
1-0: Ground out U3 (Groundball, 34, EV 87.5 MPH)
Top of the 9th over - 0 runs, 0 hits, 0 errors, 0 left on base; Arizona 4 - San Francisco 1
BOTTOM OF THE 9TH
San Francisco Giants batting - Pitching for Arizona Diamondbacks : RHP Rod Vogt
Batting: RHB Zavier Austin 0-0: SINGLE (Groundball, 6, EV 84.4 MPH)
Batting: RHB Solomon Ding 0-0: Foul Ball, location: 2F
0-1: Ball
1-1: Foul Ball, location: 7LSF
1-2: Ball
2-2: Ball
3-2: Base on Balls
Zavier Austin to second
Batting: RHB Jackson Maul 0-0: Fly out, F7 (Flyball, 7S, EV 90.6 MPH)
Batting: RHB Rhett Damewood 0-0: Called Strike
0-1: Swinging Strike
0-2: Ball
1-2: Strikes out swinging
Batting: SHB Elías Saucedo 0-0: Ball
1-0: Called Strike
1-1: Called Strike
1-2: Strikes out swinging
Bottom of the 9th over - 0 runs, 1 hit, 0 errors, 2 left on base; Arizona 4 - San Francisco 1
Sunday, April 21st , 2024 - OOTP Baseball 24.11 Build 85